[ AOE2 MATCH · #467855068 ]
Team RMHuns vs Mongols
[ REPLAY ANALYSIS · EXTRACTED FROM THE RECORDED GAME ]
Feudal
12:50
Castle
20:53
Imperial
—
| APM avg | 8.0 |
| APM peak | 16 |
| eAPM avg | 5.5 |
| Villagers / military | 37 / 13 |
Focus
⚔️ 13.6% · 🌾 86.4%
Spearman ×11 · Tarkan ×2
Feudal
11:24
Castle
16:36
Imperial
—
| APM avg | 42.2 |
| APM peak | 88 |
| eAPM avg | 14.4 |
| Villagers / military | 42 / 9 |
Focus
⚔️ 11.6% · 🌾 88.4%
Steppe Lancer ×5 · Monk ×3 · Scout Cavalry ×1
Feudal
10:31
Castle
—
Imperial
—
| APM avg | 9.5 |
| APM peak | 29 |
| eAPM avg | 5.4 |
| Villagers / military | 36 / 3 |
Focus
⚔️ 7.9% · 🌾 92.1%
Spearman ×2 · Scout Cavalry ×1
Feudal
10:07
Castle
—
Imperial
—
| APM avg | 20.4 |
| APM peak | 43 |
| eAPM avg | 10.1 |
| Villagers / military | 36 / 16 |
Focus
⚔️ 26.8% · 🌾 73.2%
Archer ×16
Feudal
11:48
Castle
—
Imperial
—
| APM avg | 7.3 |
| APM peak | 44 |
| eAPM avg | 4.9 |
| Villagers / military | 34 / 0 |
Focus
⚔️ 6.0% · 🌾 94.0%
Feudal
12:53
Castle
21:21
Imperial
—
| APM avg | 21.5 |
| APM peak | 44 |
| eAPM avg | 9.3 |
| Villagers / military | 50 / 4 |
Focus
⚔️ 7.5% · 🌾 92.5%
Spearman ×4
Match map
Initial resources + every placement click. Lines = walls · curves = elevation contours. ◆ gold · ⬟ stone · ● berries · ✦ relic · ◌ wall gap
Your base· Open — unwalled flank
Louis Theroux's base· Open — unwalled flank
XxjesulizxX's base· Open — unwalled flank
ᴍ4ᴛᴜᴛ4ɴ0's base· ✓ Closed at 22:25 · 6t walls · 1 gate(s)
Mikey-R2R's base· Open — unwalled flank
TOYOTA YARIS GR's base· Open — 1t gap
Smoothed initial terrain · ◌ = detected wall gap · hover for details
Inputs per minute
— A P - - Louis Theroux
Build order — A P
83 actions detected in the replay
| 0:14 | Create | Villager (Male) |
| 0:15 | Create | Villager (Male) |
| 0:15 | Create | Villager (Male) |
| 0:15 | Create | Villager (Male) |
| 0:16 | Create | Villager (Male) |
| 1:33 | Create | Villager (Male) |
| 1:58 | Create | Villager (Male) |
| 1:59 | Create | Villager (Male) |
| 2:33 | Create | Villager (Male) |
| 3:08 | Create | Villager (Male) |
| 3:09 | Create | Villager (Male) |
| 3:42 | Create | Villager (Male) |
| 3:43 | Create | Villager (Male) |
| 3:44 | Create | Villager (Male) |
| 3:44 | Create | Villager (Male) |
| 4:02 | Build | Mill |
| 4:20 | Create | Villager (Male) |
| 4:21 | Create | Villager (Male) |
| 5:10 | Create | Villager (Male) |
| 5:10 | Create | Villager (Male) |
| 5:28 | Research | Loom |
| 5:51 | Create | Villager (Male) |
| 6:50 | Build | Lumber Camp |
| 6:54 | Create | Villager (Male) |
| 6:54 | Create | Villager (Male) |
| 6:54 | Create | Villager (Male) |
| 7:35 | Create | Villager (Male) |
| 8:25 | Create | Villager (Male) |
| 8:27 | Create | Villager (Male) |
| 9:11 | Build | Farm |
| 9:44 | Create | Villager (Male) |
| 9:54 | Create | Villager (Male) |
| 10:14 | Build | Farm |
| 10:28 | Build | Farm |
| 10:33 | Build | Farm |
| 10:40 | Research | Feudal Age |
| 10:45 | Build | Farm |
| 10:48 | Build | Farm |
| 10:52 | Build | Farm |
| 10:57 | Build | Farm |
| 11:06 | Build | Farm |
| 11:11 | Build | Farm |
| 12:33 | Build | Mining Camp |
| 12:50 | Age | Feudal Age |
| 12:54 | Build | Mining Camp |
| 12:58 | Research | Wheelbarrow |
| 12:59 | Create | Villager (Male) |
| 13:00 | Create | Villager (Male) |
| 13:05 | Research | Double-Bit Axe |
| 13:07 | Research | Horse Collar |
| 13:53 | Research | Stone Mining |
| 13:55 | Research | Gold Mining |
| 14:47 | Build | Farm |
| 15:03 | Build | Farm |
| 15:11 | Build | Farm |
| 15:12 | Create | Villager (Male) |
| 15:36 | Build | Blacksmith |
| 16:01 | Build | Market |
| 16:05 | Create | Villager (Male) |
| 16:06 | Create | Villager (Male) |
| 16:32 | Build | Barracks |
| 16:43 | Create | Villager (Male) |
| 17:14 | Research | Town Watch |
| 17:48 | Create | Villager (Male) |
| 18:05 | Research | Castle Age |
| 18:29 | Create | Spearman |
| 18:29 | Create | Spearman |
| 18:31 | Create | Spearman |
| 18:32 | Create | Spearman |
| 20:53 | Age | Castle Age |
| 21:05 | Build | Castle |
| 21:26 | Build | Barracks |
| 21:34 | Research | Fletching |
| 21:40 | Research | Hand Cart |
| 21:40 | Create | Villager (Male) |
| 21:41 | Create | Villager (Male) |
| 22:05 | Research | Pikeman (upgrade) |
| 22:07 | Research | Squires |
| 22:08 | Create | Spearman ×5 |
| 22:25 | Create | Spearman |
| 22:25 | Create | Spearman |
| 22:41 | Create | Tarkan |
| 22:41 | Create | Tarkan |
Build order — Louis Theroux
89 actions detected in the replay
| 0:10 | Create | Villager (Male) ×4 |
| 0:12 | Build | House |
| 0:13 | Build | House |
| 1:49 | Create | Villager (Male) |
| 2:21 | Create | Villager (Male) |
| 2:50 | Create | Villager (Male) |
| 3:21 | Build | Lumber Camp |
| 3:22 | Create | Villager (Male) |
| 3:23 | Create | Villager (Male) |
| 3:58 | Create | Villager (Male) |
| 4:05 | Build | House |
| 4:33 | Create | Villager (Male) |
| 4:54 | Create | Villager (Male) |
| 5:31 | Create | Villager (Male) |
| 5:32 | Create | Villager (Male) |
| 6:13 | Create | Villager (Male) |
| 6:22 | Build | House |
| 6:31 | Build | Mill |
| 6:33 | Create | Villager (Male) |
| 7:06 | Create | Villager (Male) |
| 7:33 | Build | Mill |
| 7:40 | Create | Villager (Male) |
| 8:15 | Create | Villager (Male) |
| 8:33 | Create | Villager (Male) |
| 9:14 | Research | Feudal Age |
| 9:33 | Build | Mining Camp |
| 9:36 | Create | Villager (Male) |
| 9:43 | Build | House |
| 10:28 | Build | Barracks |
| 11:16 | Create | Villager (Male) |
| 11:17 | Research | Loom |
| 11:20 | Create | Villager (Male) |
| 11:24 | Age | Feudal Age |
| 11:31 | Build | Stable |
| 11:54 | Create | Villager (Male) |
| 12:08 | Research | Double-Bit Axe |
| 12:30 | Build | Market |
| 12:44 | Create | Scout Cavalry |
| 12:50 | Build | House |
| 12:59 | Create | Villager (Male) |
| 13:15 | Build | Farm |
| 13:56 | Research | Castle Age |
| 14:50 | Build | Lumber Camp |
| 14:56 | Build | House |
| 15:40 | Build | Farm |
| 15:42 | Build | Farm |
| 15:46 | Build | Farm |
| 15:50 | Build | Farm |
| 16:36 | Age | Castle Age |
| 16:37 | Create | Steppe Lancer |
| 16:38 | Create | Steppe Lancer |
| 16:42 | Create | Villager (Male) |
| 16:56 | Build | Farm |
| 16:56 | Build | Farm |
| 16:56 | Build | Farm |
| 16:57 | Build | Farm |
| 16:57 | Build | Farm |
| 17:14 | Build | Farm |
| 17:27 | Build | Monastery |
| 17:37 | Create | Steppe Lancer |
| 17:45 | Create | Villager (Male) |
| 17:46 | Create | Villager (Male) |
| 17:47 | Create | Villager (Male) |
| 17:54 | Build | Farm |
| 17:54 | Build | Farm |
| 17:55 | Build | Farm |
| 17:55 | Build | Farm |
| 17:55 | Build | Farm |
| 18:18 | Create | Villager (Male) |
| 18:20 | Build | Farm |
| 18:47 | Create | Monk |
| 18:51 | Build | Farm |
| 19:01 | Build | Palisade Wall |
| 19:38 | Build | Farm |
| 19:41 | Build | Farm |
| 19:44 | Create | Monk |
| 20:18 | Create | Villager (Male) |
| 20:19 | Create | Villager (Male) |
| 20:37 | Create | Monk |
| 20:41 | Build | House |
| 20:42 | Build | House |
| 20:47 | Build | Town Center |
| 21:07 | Create | Villager (Male) ×5 |
| 21:32 | Create | Villager (Male) ×5 |
| 21:35 | Build | Farm |
| 21:56 | Research | Bloodlines |
| 21:57 | Create | Steppe Lancer |
| 21:58 | Create | Steppe Lancer |
| 22:56 | Build | Farm |
Build order — XxjesulizxX
80 actions detected in the replay
| 0:04 | Research | Loom |
| 0:06 | Build | House |
| 0:25 | Create | Villager (Male) |
| 0:25 | Create | Villager (Male) |
| 0:25 | Create | Villager (Male) |
| 0:26 | Create | Villager (Male) |
| 0:43 | Build | House |
| 0:45 | Build | House |
| 1:42 | Create | Villager (Male) |
| 2:23 | Create | Villager (Male) |
| 2:52 | Create | Villager (Male) |
| 3:13 | Create | Villager (Male) |
| 4:02 | Create | Villager (Male) |
| 4:17 | Create | Villager (Male) |
| 4:32 | Build | Mill |
| 4:53 | Create | Villager (Male) |
| 5:26 | Create | Villager (Male) |
| 5:51 | Create | Villager (Male) |
| 6:02 | Build | Lumber Camp |
| 6:05 | Create | Villager (Male) |
| 6:09 | Create | Villager (Male) |
| 6:09 | Create | Villager (Male) |
| 6:21 | Build | House |
| 6:23 | Build | House |
| 7:28 | Create | Villager (Male) |
| 7:51 | Create | Villager (Male) |
| 8:18 | Research | Feudal Age |
| 10:11 | Build | Barracks |
| 10:31 | Age | Feudal Age |
| 10:33 | Research | Wheelbarrow |
| 10:37 | Research | Horse Collar |
| 10:40 | Research | Double-Bit Axe |
| 11:32 | Create | Villager (Male) |
| 11:32 | Create | Villager (Male) |
| 11:32 | Create | Villager (Male) |
| 11:32 | Create | Villager (Male) |
| 11:33 | Create | Villager (Male) |
| 11:39 | Build | Stable |
| 11:44 | Build | Farm |
| 11:49 | Build | Farm |
| 12:14 | Build | Farm |
| 12:28 | Build | Farm |
| 12:47 | Build | Farm |
| 12:51 | Build | Farm |
| 13:07 | Create | Villager (Male) |
| 13:11 | Build | Farm |
| 13:19 | Build | Farm |
| 13:32 | Build | Farm |
| 13:37 | Create | Villager (Male) |
| 13:41 | Build | Farm |
| 13:49 | Build | Farm |
| 13:58 | Build | Farm |
| 14:06 | Create | Scout Cavalry |
| 14:15 | Build | Farm |
| 14:22 | Create | Villager (Male) |
| 14:29 | Build | House |
| 14:42 | Create | Villager (Male) |
| 14:52 | Build | Farm |
| 15:03 | Build | Farm |
| 15:07 | Build | House |
| 15:11 | Create | Villager (Male) |
| 15:12 | Create | Villager (Male) |
| 15:12 | Create | Villager (Male) |
| 15:12 | Create | Villager (Male) |
| 15:13 | Create | Villager (Male) |
| 15:17 | Build | Farm |
| 15:26 | Build | Farm |
| 15:44 | Build | Farm |
| 15:56 | Create | Spearman |
| 16:26 | Build | Mining Camp |
| 16:30 | Create | Villager (Male) |
| 16:50 | Create | Villager (Male) |
| 17:28 | Build | Farm |
| 17:43 | Create | Villager (Male) |
| 17:46 | Build | Farm |
| 18:00 | Build | Market |
| 18:06 | Create | Villager (Male) |
| 18:17 | Build | Blacksmith |
| 18:25 | Research | Town Watch |
| 18:30 | Create | Spearman |
Build order — ᴍ4ᴛᴜᴛ4ɴ0
108 actions detected in the replay
| 0:01 | Create | Villager (Male) |
| 0:04 | Build | House |
| 0:05 | Build | House |
| 0:06 | Create | Villager (Male) |
| 0:06 | Create | Villager (Male) |
| 0:06 | Create | Villager (Male) |
| 1:42 | Create | Villager (Male) |
| 1:42 | Create | Villager (Male) |
| 1:50 | Create | Villager (Male) |
| 1:50 | Create | Villager (Male) |
| 2:36 | Create | Villager (Male) |
| 2:55 | Create | Villager (Male) |
| 3:14 | Create | Villager (Male) |
| 3:34 | Create | Villager (Male) |
| 3:52 | Build | Mill |
| 4:17 | Create | Villager (Male) |
| 4:20 | Create | Villager (Male) |
| 4:46 | Build | House |
| 4:50 | Research | Loom |
| 5:00 | Create | Villager (Male) |
| 5:22 | Build | Lumber Camp |
| 5:31 | Create | Villager (Male) |
| 5:33 | Create | Villager (Male) |
| 6:24 | Create | Villager (Male) |
| 6:31 | Build | House |
| 7:20 | Create | Villager (Male) |
| 7:31 | Create | Villager (Male) |
| 7:57 | Research | Feudal Age |
| 8:09 | Build | Mill |
| 8:25 | Build | Mining Camp |
| 8:47 | Build | Lumber Camp |
| 9:50 | Build | Barracks |
| 10:02 | Create | Villager (Male) |
| 10:03 | Create | Villager (Male) |
| 10:07 | Age | Feudal Age |
| 10:48 | Build | Archery Range |
| 10:51 | Create | Villager (Male) |
| 11:07 | Create | Villager (Male) |
| 11:28 | Build | Blacksmith |
| 11:33 | Create | Archer |
| 11:33 | Create | Archer |
| 11:34 | Create | Villager (Male) |
| 11:35 | Create | Villager (Male) |
| 11:53 | Create | Archer |
| 12:05 | Build | House |
| 12:06 | Build | House |
| 12:11 | Research | Wheelbarrow |
| 12:16 | Research | Fletching |
| 12:26 | Research | Double-Bit Axe |
| 12:33 | Research | Horse Collar |
| 13:14 | Build | Lumber Camp |
| 13:17 | Create | Archer |
| 13:23 | Create | Villager (Male) |
| 13:41 | Build | Stone Wall |
| 13:44 | Build | Gate |
| 13:52 | Build | House |
| 13:59 | Create | Archer |
| 14:01 | Create | Villager (Male) |
| 14:08 | Build | House |
| 14:09 | Build | House |
| 14:11 | Build | House |
| 14:15 | Build | House |
| 14:25 | Build | House |
| 14:31 | Create | Villager (Male) |
| 14:32 | Create | Archer |
| 14:39 | Research | Padded Archer Armor |
| 15:00 | Create | Archer |
| 15:17 | Build | House |
| 15:19 | Build | House |
| 15:23 | Build | House |
| 15:31 | Build | Stone Wall |
| 15:38 | Create | Archer |
| 15:44 | Build | Farm |
| 15:45 | Create | Villager (Male) |
| 15:50 | Build | Archery Range |
| 16:27 | Build | House |
| 16:28 | Build | House |
| 16:31 | Build | Mining Camp |
| 16:37 | Build | Farm |
| 16:37 | Create | Villager (Male) |
| 17:10 | Build | Farm |
| 17:11 | Create | Villager (Male) |
| 17:18 | Build | Farm |
| 17:21 | Build | Farm |
| 17:22 | Create | Archer |
| 17:23 | Create | Archer |
| 17:31 | Build | House |
| 17:33 | Build | House |
| 17:41 | Build | Farm |
| 17:45 | Create | Archer |
| 17:45 | Create | Archer |
| 19:39 | Create | Villager (Male) |
| 19:39 | Create | Villager (Male) |
| 19:46 | Create | Villager (Male) |
| 19:55 | Build | Mill |
| 20:02 | Build | Farm |
| 20:02 | Build | Farm |
| 20:02 | Build | Farm |
| 20:03 | Build | Farm |
| 20:04 | Build | Farm |
| 20:12 | Build | Farm |
| 21:35 | Build | Market |
| 22:01 | Create | Archer |
| 22:01 | Create | Archer |
| 22:13 | Create | Villager (Male) |
| 22:25 | Research | Castle Age |
| 23:13 | Create | Archer |
| 23:14 | Create | Archer |
Build order — Mikey-R2R
69 actions detected in the replay
| 0:04 | Build | House |
| 0:05 | Build | House |
| 0:06 | Create | Villager (Male) |
| 0:07 | Create | Villager (Male) |
| 0:07 | Create | Villager (Male) |
| 0:07 | Create | Villager (Male) |
| 0:07 | Create | Villager (Male) |
| 1:45 | Create | Villager (Male) |
| 1:45 | Create | Villager (Male) |
| 2:18 | Create | Villager (Male) |
| 2:18 | Create | Villager (Male) |
| 2:49 | Create | Villager (Male) |
| 2:49 | Create | Villager (Male) |
| 3:09 | Create | Villager (Male) |
| 3:09 | Create | Villager (Male) |
| 3:10 | Create | Villager (Male) |
| 3:44 | Build | Mill |
| 4:02 | Build | Lumber Camp |
| 4:10 | Create | Villager (Male) |
| 4:10 | Create | Villager (Male) |
| 4:39 | Build | House |
| 5:16 | Build | Farm |
| 5:18 | Create | Villager (Male) |
| 5:18 | Create | Villager (Male) |
| 6:01 | Create | Villager (Male) |
| 6:26 | Create | Villager (Male) |
| 6:27 | Create | Villager (Male) |
| 6:27 | Create | Villager (Male) |
| 6:28 | Create | Villager (Male) |
| 6:28 | Create | Villager (Male) |
| 6:40 | Create | Villager (Male) |
| 6:41 | Create | Villager (Male) |
| 6:56 | Build | Mill |
| 7:17 | Build | House |
| 8:00 | Build | Mining Camp |
| 8:30 | Create | Villager (Male) |
| 8:59 | Build | Farm |
| 9:38 | Research | Feudal Age |
| 9:53 | Build | Lumber Camp |
| 10:04 | Build | House |
| 10:18 | Create | Villager (Male) |
| 10:18 | Create | Villager (Male) |
| 11:48 | Age | Feudal Age |
| 12:01 | Research | Horse Collar |
| 12:27 | Build | Farm |
| 12:31 | Build | Farm |
| 12:38 | Build | Farm |
| 12:49 | Build | Market |
| 12:58 | Build | Blacksmith |
| 13:03 | Create | Villager (Male) |
| 13:03 | Create | Villager (Male) |
| 13:09 | Build | Farm |
| 13:34 | Build | Farm |
| 13:45 | Build | Farm |
| 13:56 | Research | Loom |
| 14:31 | Build | Farm |
| 14:44 | Build | Farm |
| 15:28 | Build | Barracks |
| 16:26 | Build | Farm |
| 16:28 | Research | Castle Age |
| 17:04 | Build | Archery Range |
| 17:12 | Create | Villager (Male) |
| 17:12 | Create | Villager (Male) |
| 17:49 | Build | Stable |
| 17:56 | Build | Gate |
| 18:01 | Build | Stone Wall |
| 18:05 | Build | Stone Wall |
| 18:14 | Build | Mining Camp |
| 18:21 | Create | Villager (Male) |
Build order — TOYOTA YARIS GR
89 actions detected in the replay
| 0:02 | Create | Villager (Male) |
| 0:02 | Create | Villager (Male) |
| 0:04 | Build | House |
| 0:22 | Create | Villager (Male) |
| 0:22 | Create | Villager (Male) |
| 0:26 | Build | House |
| 1:37 | Create | Villager (Male) |
| 2:07 | Create | Villager (Male) |
| 2:07 | Create | Villager (Male) |
| 2:14 | Build | Mill |
| 3:05 | Create | Villager (Male) |
| 3:27 | Create | Villager (Male) |
| 3:43 | Create | Villager (Male) |
| 4:06 | Build | House |
| 4:08 | Build | House |
| 4:29 | Create | Villager (Male) |
| 4:29 | Create | Villager (Male) |
| 4:30 | Create | Villager (Male) |
| 5:01 | Create | Villager (Male) |
| 5:01 | Create | Villager (Male) |
| 5:32 | Create | Villager (Male) |
| 5:33 | Create | Villager (Male) |
| 6:14 | Create | Villager (Male) |
| 6:15 | Create | Villager (Male) |
| 6:41 | Create | Villager (Male) |
| 6:42 | Create | Villager (Male) |
| 7:01 | Build | Lumber Camp |
| 7:47 | Build | House |
| 7:56 | Create | Villager (Male) |
| 8:07 | Create | Villager (Male) |
| 8:07 | Create | Villager (Male) |
| 9:22 | Create | Villager (Male) |
| 9:22 | Create | Villager (Male) |
| 9:24 | Create | Villager (Male) |
| 10:43 | Research | Feudal Age |
| 10:53 | Build | House |
| 10:55 | Build | House |
| 10:56 | Build | House |
| 12:11 | Build | Pasture |
| 12:20 | Create | Villager (Male) |
| 12:21 | Create | Villager (Male) |
| 12:30 | Build | Pasture |
| 12:37 | Build | Pasture |
| 12:53 | Age | Feudal Age |
| 12:54 | Build | Barracks |
| 13:23 | Build | Pasture |
| 13:31 | Build | Pasture |
| 14:18 | Build | Pasture |
| 14:23 | Create | Villager (Male) |
| 14:23 | Create | Villager (Male) |
| 14:23 | Create | Villager (Male) |
| 14:24 | Create | Villager (Male) |
| 14:30 | Build | Mining Camp |
| 14:38 | Build | Mining Camp |
| 14:53 | Create | Villager (Male) |
| 15:09 | Build | Market |
| 15:15 | Create | Villager (Male) |
| 15:47 | Build | Blacksmith |
| 15:52 | Build | House |
| 15:55 | Create | Villager (Male) |
| 15:57 | Create | Spearman |
| 15:57 | Create | Spearman |
| 16:11 | Build | Pasture |
| 16:31 | Create | Villager (Male) |
| 16:54 | Build | Pasture |
| 16:57 | Research | Double-Bit Axe |
| 16:58 | Research | Tech 1014 |
| 17:22 | Create | Spearman |
| 17:22 | Create | Spearman |
| 17:51 | Create | Villager (Male) |
| 17:52 | Create | Villager (Male) |
| 17:55 | Create | Villager (Male) |
| 18:05 | Build | Gate |
| 18:08 | Build | Stone Wall |
| 18:38 | Research | Castle Age |
| 21:21 | Age | Castle Age |
| 21:22 | Research | Fletching |
| 21:24 | Create | Villager (Male) |
| 21:24 | Create | Villager (Male) |
| 21:25 | Create | Villager (Male) |
| 21:25 | Create | Villager (Male) |
| 22:48 | Build | Castle |
| 23:06 | Create | Villager (Male) |
| 23:06 | Create | Villager (Male) |
| 23:07 | Create | Villager (Male) |
| 23:14 | Build | Town Center |
| 23:17 | Create | Villager (Male) |
| 23:17 | Create | Villager (Male) |
| 23:17 | Create | Villager (Male) |
Match timeline
| 9:50 | ᴍ4ᴛᴜᴛ4ɴ0 · first_building Barracks |
| 10:07 | ᴍ4ᴛᴜᴛ4ɴ0 · age_up feudal |
| 10:11 | XxjesulizxX · first_building Barracks |
| 10:28 | Louis Theroux · first_building Barracks |
| 10:31 | XxjesulizxX · age_up feudal |
| 10:48 | ᴍ4ᴛᴜᴛ4ɴ0 · first_building Archery Range |
| 11:24 | Louis Theroux · age_up feudal |
| 11:31 | Louis Theroux · first_building Stable |
| 11:39 | XxjesulizxX · first_building Stable |
| 11:48 | Mikey-R2R · age_up feudal |
| 12:50 | A P · age_up feudal |
| 12:53 | TOYOTA YARIS GR · age_up feudal |
| 12:54 | TOYOTA YARIS GR · first_building Barracks |
| 13:41 | ᴍ4ᴛᴜᴛ4ɴ0 · wall_segment Stone Wall x5 |
| 15:28 | Mikey-R2R · first_building Barracks |
| 15:31 | ᴍ4ᴛᴜᴛ4ɴ0 · wall_segment Stone Wall x1 |
| 16:32 | A P · first_building Barracks |
| 16:36 | Louis Theroux · age_up castle |
| 16:48 | Louis Theroux · first_market_buy 100 food |
| 17:04 | Mikey-R2R · first_building Archery Range |
| 17:27 | Louis Theroux · first_building Monastery |
| 17:49 | Mikey-R2R · first_building Stable |
| 18:01 | Mikey-R2R · wall_segment Stone Wall x7 |
| 18:05 | Mikey-R2R · wall_segment Stone Wall x10 |
| 18:08 | TOYOTA YARIS GR · wall_segment Stone Wall x3 |
| 18:39 | XxjesulizxX · resign |
| 19:01 | Louis Theroux · wall_segment Palisade Wall x16 |
| 20:53 | A P · age_up castle |
| 21:05 | A P · first_building Castle |
| 21:21 | TOYOTA YARIS GR · age_up castle |
| 22:24 | ᴍ4ᴛᴜᴛ4ɴ0 · first_market_buy 100 food |
| 22:48 | TOYOTA YARIS GR · first_building Castle |
[ AI ANALYSIS · 1 CREDIT ]
What really happened in this match?
Wolo.gg analyzes every decision: build order, eco, micro, common mistakes by bracket. Personalized analysis on WhatsApp or Discord in 30 seconds.
Civ guide
Huns
Map guide
MegaRandom
Perfil
A P